 Dungeon Crawl Stone Soup version 0.31.0-11-ge490571c62 (webtiles) character file.

Game seed: 15881810340300997068

42 qw the Shooter (level 3, 0/18 HPs)
             Began as a Spriggan Hunter on Feb 4, 2024.
             Slain by a gnoll
             ... wielding a +0 halberd
              (7 damage)
             ... on level 2 of the Dungeon.
             The game lasted 00:00:04 (1265 turns).

qw the Shooter (Spriggan Hunter)                    Turns: 1265, Time: 00:00:04

Health: 0/18       AC:  2    Str:  5 (7)  XL:     3   Next: 33%
Magic:  4/4        EV: 19    Int:  7 (10) God:
Gold:   61         SH:  0    Dex: 18 (20) Spells: 2/2 levels left

rFire   . . .        a - +0 shortbow
rCold   . . .        (shield currently unavailable)
rNeg    . . .        c - +0 robe
rPois   .            (helmet restricted)
rElec   .            (no cloak)
rCorr   .            (gloves unavailable)
SInv    +            (boots unavailable)
Will    .....        (no amulet)
Stlth   ++           (no ring)
HPRegen 0.23/turn    (no ring)
MPRegen 0.09/turn

%: no passive effects
@: very quick
A: very small, no large weapons, unfitting armour, see invisible, speed 3
a: no special abilities


You were on level 2 of the Dungeon.
You visited 1 branch of the dungeon, and saw 2 of its levels.

You collected 91 gold pieces.
You spent 30 gold pieces at shops.


Innate Abilities, Weirdness & Mutations

You are very small and have problems with some larger weapons.
You are too small for most types of armour.
You have supernaturally acute eyesight. (SInv)
You cover ground extremely quickly. (Speed+++)


   Skills:
 - Level 1.5 Fighting
 + Level 4.6 Ranged Weapons
 - Level 4.0 Dodging
 - Level 1.5 Stealth


You had 2 spell levels left.
You didn't know any spells.
Your spell library was empty.

Inventory:

Hand Weapons
 a - a +0 shortbow (weapon)
Armour
 c - a +0 robe (worn)
Scrolls
 b - a scroll of poison {unknown}
 d - a scroll of teleportation {unknown}
 f - a scroll of immolation {unknown}
Potions
 e - a potion of invisibility {unknown}
 g - 2 potions of curing
 h - a potion of berserk rage {unknown}

Dungeon Overview and Level Annotations

Branches:
Dungeon (2/15)

Altars:

Shops:
D:1 !


Message History

You shoot an arrow. The arrow closely misses the gnoll.
The arrow hits the gnoll but does no damage.
The gnoll barely misses you.
You shoot an arrow. The arrow hits the gnoll.
The gnoll is moderately wounded.
The gnoll completely misses you.
You shoot an arrow. The arrow barely misses the gnoll.
The arrow hits the gnoll.
The gnoll is moderately wounded.
The gnoll completely misses you.
The endoplasm jiggles.
You shoot an arrow. The arrow hits the gnoll.
The gnoll is heavily wounded.
The gnoll misses you.
You shoot an arrow. The arrow barely misses the gnoll.
The arrow closely misses the gnoll.
The gnoll misses you. The gnoll barely misses you.
You shoot an arrow.
The arrow hits the gnoll but does no damage.
The gnoll is heavily wounded.
The gnoll hits you with a +0 whip.
You shoot an arrow. The arrow closely misses the gnoll. x2
The gnoll hits you with a +0 whip.
You shoot an arrow. The arrow hits the gnoll.
The gnoll is severely wounded.
The gnoll completely misses you.
You shoot an arrow. The arrow hits the gnoll.
You kill the gnoll!
You shoot an arrow. The arrow barely misses the gnoll.
The arrow hits the endoplasm.
The endoplasm is severely wounded.
The gnoll closely misses you. The gnoll misses you.
The gnoll closely misses you.
You shoot an arrow. The arrow hits the gnoll.
The gnoll is moderately wounded.
The gnoll barely misses you. x2
You shoot an arrow.
The arrow hits the gnoll but does no damage.
The gnoll is moderately wounded.
The gnoll hits you from afar with a +0 halberd!
You die...

#..# #.# #
#..####.### #
#.........######
#...#........##.
#...#.#.#.##.#..
###...#.#.#%##.##.
#.........#.......
#.###.#..#####.###
#@# #.#........# #
#g# #.##.#########
..gP..gJ# #.##.#
##. ..JP.##.#
#.##.# ##%. .P..
#.# #.##.## ##...


P.P .##.###.#...####.... P. ...............+.... . #######.#...####.... #.##.##
##... You could see 2 gnolls and an endoplasm.

Vanquished Creatures
  A gnoll (D:2)
  A dart slug (D:1)
  2 ball pythons
  An endoplasm (D:2)
  3 giant cockroaches
  3 goblins (D:1)
  4 hobgoblins
  A bat (D:1)
  2 frilled lizards (D:1)
  6 kobolds
  3 rats
27 creatures vanquished.

Notes
Turn   | Place    | Note
-------+----------+-------------------------------------------
     0 | D:1      | qw the Spriggan Hunter began the quest for the Orb.
     0 | D:1      | Reached XP level 1. HP: 10/10 MP: 2/2
     0 | D:1      | 0 ||| qw: Version: 0.3-a-160-g6735b56
     0 | D:1      | 0 ||| qw: Game counter: 5096
     0 | D:1      | 0 ||| qw: Melee chars always use a shield: true
     0 | D:1      | 0 ||| qw: God list: Okawaru
     0 | D:1      | 0 ||| qw: Allow faded altars: false
     0 | D:1      | 0 ||| qw: Do Orc after clearing Dungeon:15 true
     0 | D:1      | 0 ||| qw: Do second Lair branch before Depths: true
     0 | D:1      | 0 ||| qw: Lair rune preference: random
     0 | D:1      | 0 ||| qw: Goals: Normal
     0 | D:1      | 0 ||| PLANNING D:1-11
    43 | D:1      | Reached skill level 3 in Dodging
   181 | D:1      | Reached XP level 2. HP: 10/14 MP: 3/3
   275 | D:1      | Found a faded altar of an unknown god.
   289 | D:1      | Found Hengeu Ruhag's Distillery.
   299 | D:1      | 299 ||| SHOPLISTING 2 potions of enlightenment (100 gold,
                  | have 32).
   299 | D:1      | 299 ||| BUYING potion of curing (30 gold).
   299 | D:1      | Bought a potion of curing for 30 gold pieces
   299 | D:1      | 299 ||| SHOPLISTING potion of heal wounds (50 gold, have
                  | 2).
   299 | D:1      | 299 ||| SHOPLISTING potion of mutation (80 gold, have 2).
   299 | D:1      | 299 ||| SHOPLISTING potion of resistance (100 gold, have
                  | 2).
   801 | D:1      | 801 ||| DROPPING +6 ring of intelligence.
   802 | D:1      | 802 ||| READING scroll labelled YRRI ROKKI.
   803 | D:1      | 803 ||| READING scroll labelled VYODO QUHE.
   804 | D:1      | 804 ||| DRINKING 2 orange potions.
   805 | D:1      | 805 ||| DROPPING scroll of butterflies.
   806 | D:1      | 806 ||| DROPPING potion of degeneration.
  1068 | D:2      | Reached XP level 3. HP: 18/18 MP: 4/4
  1248 | D:2      | 1248 ||| RETREEEEATING.
  1250 | D:2      | 1250 ||| RETREEEEATING.
  1265 | D:2      | Slain by a gnoll

Levels and vault maps discovered:
D:1:      lightli_arrival_farm, layout_basic,
          hellmonk_ecumenical_altar_crossroads, serial_shops, shop,
          amethyst_killhole
D:2:      layout_loops_corners, nicolae_grassy_gnolls

Skill      XL: |  1  2 |
---------------+-------+-----
Dodging        | 3 4 |  4.0
Fighting       | |  1.5
Ranged Weapons | |  4.6
Stealth        | |  1.5

Action                     || total
---------------------------++-------
   Fire: Shortbow          ||    75
    Use: Scroll            ||     2
         Potion            ||     1
 Armour: Robe              ||    12
  Dodge: Dodged            ||    21

Table legend:
 A = Non-vault XP
 B = Vault XP
 C = Vault XP percentage of total XP
 D = Non-vault monster count
 E = Vault monster count
 F = Vault count percentage of total count
                 A         B        C        D         E       F
            +---------+---------+-------+---------+---------+-------
      Total |      45 |      15 |  25.0 |      26 |       1 |   3.7
            +---------+---------+-------+---------+---------+-------
        D:1 |      32 |       0 |   0.0 |      19 |       0 |   0.0
        D:2 |      13 |      15 |  53.6 |       7 |       1 |  12.5
            +---------+---------+-------+---------+---------+-------
